 Dungeon Crawl Stone Soup version 0.29.0-15-g675c0067aa (webtiles) character file.

Game seed: 14638714239382282562

5 qw the Sneak (level 1, 0/14 HPs)
             Began as a Gargoyle Delver on Sept 11, 2022.
             Slain by an adder (2 damage)
             ... on level 2 of the Dungeon.
             The game lasted 00:00:10 (482 turns).

qw the Sneak (Gargoyle Delver)                       Turns: 482, Time: 00:00:10

Health: 0/14       AC:  5    Str: 15    XL:     1   Next: 80%
Magic:  1/1        EV: 11    Int: 10    God:
Gold:   50         SH:  0    Dex: 11    Spells: 0/0 levels left

rFire   . . .      SeeInvis .   a - +0 hand axe
rCold   . . .      Faith    .   (no shield)
rNeg    + . .      Spirit   .   b - +0 leather armour
rPois   inf        Reflect  .   (no helmet)
rElec   +          Harm     .   (no cloak)
rCorr   .          Rampage  .   (no gloves)
Will    .....                   (no boots)
Stlth   +++.......              (no amulet)
HPRegen 0.04/turn               (no ring)
MPRegen 0.07/turn               (no ring)

@: no status effects
A: sickness immunity, AC +2, negative energy resistance 1, electricity
resistance, torment resistance 1, petrification resistance
a: no special abilities


You were on level 2 of the Dungeon.
You visited 1 branch of the dungeon, and saw 4 of its levels.

You collected 50 gold pieces.


Innate Abilities, Weirdness & Mutations

You are immune to sickness and miasma.
Your stone body is resilient. (AC +2)
You are immune to poison.
You resist negative energy. (rN+)
You are resistant to electric shocks. (rElec)
You are resistant to unholy torment.
You are immune to petrification.


   Skills:
 - Level 3.2 Fighting
 + Level 2.2 Axes
 - Level 1.5 Dodging
 - Level 5.4 Stealth


You couldn't memorise any spells.
You didn't know any spells.
Your spell library was empty.

Inventory:

Hand Weapons
 a - a +0 hand axe (weapon)
 d - a +0 mace
Armour
 b - a +0 leather armour (worn)
Wands
 g - a wand of digging (3)
Potions
 c - a potion of flight {unknown}
 e - a potion of might {unknown}
 f - a potion of haste

Dungeon Overview and Level Annotations

Branches:
Dungeon (5/15)
 Temple: D:4-7

Altars:
Uskayaw


Message History

You hit the adder but do no damage. The adder bites you but does no damage.
The adder bites you.
You hit the adder.
The adder is heavily wounded.
The adder barely misses you. x2
You closely miss the adder.
The adder is heavily wounded.
The adder bites you but does no damage. x2
You hit the adder.
The adder is heavily wounded.
You closely miss the adder. The adder misses you.
The adder barely misses you. x2
You closely miss the adder.
The adder is heavily wounded.
You miss the adder. The adder closely misses you. The adder bites you.
The adder barely misses you.
You barely miss the adder.
The adder is heavily wounded.
You miss the adder.
The adder bites you but does no damage. x2; The adder bites you.
The adder bites you but does no damage.
You closely miss the adder.
The adder is heavily wounded.
You hit the adder. The adder barely misses you. The adder bites you.
You closely miss the adder.
The adder is heavily wounded.
You closely miss the adder. The adder bites you but does no damage.
The adder misses you. The adder closely misses you.
The adder bites you but does no damage.
You barely miss the adder.
The adder is heavily wounded.
You closely miss the adder. The adder completely misses you.
The adder bites you but does no damage.
You barely miss the adder.
The adder is heavily wounded.
You hit the adder. The adder misses you. The adder bites you.
The adder closely misses you. The adder bites you.
You die...

###### #
####....######
....##@...#.......#
......SS...#.......#
...........#.......#
..##...............#
....######........#
...........#...####
..............#.##.#
...................#
.............###.....


You could see 2 adders.

Vanquished Creatures
  2 giant cockroaches
  A goblin (D:4)
  A hobgoblin (D:3)
4 creatures vanquished.

Vanquished Creatures (others)
  13 fungi (D:4)
13 creatures vanquished.

Grand Total: 17 creatures vanquished

Notes
Turn   | Place    | Note
-------+----------+-------------------------------------------
     0 | D:5      | qw the Gargoyle Delver began the quest for the Orb.
     0 | D:5      | Reached XP level 1. HP: 14/14 MP: 1/1
     0 | D:5      | 0 ||| qw: Version: 0.1-a-117-gfe26ee0
     0 | D:5      | 0 ||| qw: Game counter: 9859
     0 | D:5      | 0 ||| qw: Always use a shield: true
     0 | D:5      | 0 ||| qw: God list: Okawaru
     0 | D:5      | 0 ||| qw: Allow faded altars: false
     0 | D:5      | 0 ||| qw: Do Orc after D:15 true
     0 | D:5      | 0 ||| qw: Do second Lair branch before Depths: true
     0 | D:5      | 0 ||| qw: Lair rune preference: random
     0 | D:5      | 0 ||| qw: Plans: Normal
     0 | D:5      | 0 ||| PLANNING D:1-11
     2 | D:5      | 2 ||| DROPPING scroll of fog.
     3 | D:5      | 3 ||| DROPPING scroll of magic mapping.
     4 | D:5      | 4 ||| DROPPING scroll of fear.
    28 | D:4      | Found a hide-covered altar of Uskayaw.
   401 | D:2      | Found a faded altar of an unknown god.
   471 | D:2      | 471 ||| Stepping ~*~*~tactically~*~*~ (stealth).
   482 | D:2      | HP: 2/14 [adder (4)]
   482 | D:2      | Slain by an adder

Levels and vault maps discovered:
D:2:      kb_forest_paths, layout_basic, chequers_ecumenical_altar_grove,
          basic_altar, eino_tiny_chamber
D:3:      layout_basic
D:4:      layout_basic, mainiacjoe_overflow_boulevard, lemuel_tele_altar,
          mainiacjoe_overflow_concentric_impassable, serial_aquarium,
          aquarium_bridge_square [aquarium_subvault_wall,
          aquarium_subvault_bridge, aquarium_subvault_wall,
          aquarium_subvault_window], aquarium_bridge_square
          [aquarium_subvault_bridge, aquarium_subvault_bridge,
          aquarium_subvault_bridge, aquarium_subvault_window],
          aquarium_window_fake, aquarium_window_corner, aquarium_window_2,
          aquarium_window_fake, aquarium_view_2b, aquarium_view_2e,
          aquarium_balcony_1a, corexii_checkpoint_b, uniq_pikel, uniq_menkaure
D:5:      layout_basic, amcnicky_altar_gilded, uniq_sigmund, uniq_blork_the_orc

Skill      XL: |  1 |
---------------+----+-----
Axes           | 2 |  2.2
Fighting       | |  3.2
Dodging        | |  1.5
Stealth        | |  5.4

Action                   || total
-------------------------++-------
Melee: Hand axe          ||    29
 Stab: Sleeping          ||     1
Armor: Leather armour    ||    18
Dodge: Dodged            ||    20

Table legend:
 A = Non-vault XP
 B = Vault XP
 C = Vault XP percentage of total XP
 D = Non-vault monster count
 E = Vault monster count
 F = Vault count percentage of total count
                 A         B        C        D         E       F
            +---------+---------+-------+---------+---------+-------
      Total |       8 |       0 |   0.0 |       4 |       0 |   0.0
            +---------+---------+-------+---------+---------+-------
        D:2 |       2 |       0 |   0.0 |       1 |       0 |   0.0
        D:3 |       2 |       0 |   0.0 |       1 |       0 |   0.0
        D:4 |       4 |       0 |   0.0 |       2 |       0 |   0.0
            +---------+---------+-------+---------+---------+-------
